AoeStats
← 把腿掰开

Arena

505428827Analyzed
2v2 RM · 23d ago on Sep 9, 2026· 68m 26s· 4 players
Game mode
Random Map
Map size
Medium (4 player)
Population
200
Speed
Normal
Resources
Standard
Victory
Conquest
Starting age
Dark Age
Ending age
Imperial Age
RankedLock teamsTeams togetherTeam positionsShared explorationLock speedFull tech treeHidden civsTurbo modeCheats
Victory
Defeat
🇨🇳 Mongols · China
1135
+10
🇨🇳 Mongols · China
1086
+12
🇨🇳 Cumans · China
1001
-11
🇨🇳 Khmer · China
989
-11
把腿掰开
5:59 Loom
9:53 Feudal Age
11:31 Double-Bit Axe
15:20 Town Watch
17:31 Horse Collar
22:16 Castle Age
21:13 Scale Barding Armor
22:13 Bloodlines
22:05 Gold Mining
22:07 Stone Mining
22:29 Light Cavalry
23:36 Heavy Plow
23:50 Bow Saw
25:05 Wheelbarrow
24:59 Capped Ram
26:46 Forging
26:37 Padded Archer Armor
26:30 Fletching
27:07 Elite Skirmisher
31:27 Chain Barding Armor
34:53 Imperial Age
32:45 Hand Cart
32:51 Murder Holes
34:04 Ballistics
34:16 Steppe Husbandry
35:25 Hussar
39:12 Conscription
40:34 Chemistry
40:12 Squires
40:57 Conscription
41:19 Town Patrol
41:57 Hoardings
42:17 Plate Barding Armor
42:18 Iron Casting
41:15 Cavalier
43:03 Bodkin Arrow
44:43 Scale Mail Armor
七级床震
10:13 Feudal Age
15:14 Castle Age
13:24 Double-Bit Axe
13:50 Stone Mining
18:14 Bow Saw
22:06 Gold Mining
22:10 Horse Collar
28:35 Imperial Age
26:47 Gold Shaft Mining
27:10 Heavy Plow
27:03 Loom
27:53 Wheelbarrow
27:04 Town Watch
28:15 Bloodlines
27:26 Light Cavalry
28:06 Husbandry
30:07 Crop Rotation
29:49 Double Crossbow
30:11 Conscription
31:15 Forging
31:11 Scale Barding Armor
32:35 Iron Casting
32:33 Ballistics
33:16 Chemistry
32:54 Hand Cart
33:19 Tusk Swords
33:12 Elite Ballista Elephant
37:27 Hussar
44:22 Blast Furnace
43:42 Chain Barding Armor
43:34 Masonry
53:11 Plate Barding Armor
0576gg
0:33 Loom
11:44 Feudal Age
13:03 Wheelbarrow
15:42 Castle Age
14:31 Double-Bit Axe
14:28 Horse Collar
16:43 Hand Cart
17:15 Bow Saw
17:23 Stone Mining
23:36 Gold Mining
25:21 Gold Shaft Mining
27:46 Stone Shaft Mining
32:17 Imperial Age
29:56 Fletching
30:56 Ballistics
30:55 Nomads
32:37 Bodkin Arrow
32:53 Forging
32:44 Padded Archer Armor
32:49 Scale Barding Armor
33:18 Husbandry
33:29 Bloodlines
32:40 Light Cavalry
33:48 Bracer
34:53 Chemistry
34:32 Elite Mangudai
35:25 Thumb Ring
35:52 Conscription
36:31 Parthian Tactics
36:44 Hussar
38:36 Iron Casting
38:18 Leather Archer Armor
41:14 Blast Furnace
40:35 Chain Barding Armor
56:00 Caravan
60:23 Capped Ram
63:10 Siege Ram
65:16 Siege Engineers
66:24 Drill
君临天下
9:46 Feudal Age
14:42 Castle Age
13:02 Double-Bit Axe
13:20 Loom
13:20 Horse Collar
13:44 Gold Mining
17:46 Stone Mining
22:32 Town Watch
23:24 Wheelbarrow
24:54 Nomads
28:49 Imperial Age
26:32 Bow Saw
27:28 Gold Shaft Mining
27:42 Hand Cart
27:40 Fletching
27:50 Padded Archer Armor
28:27 Heavy Plow
29:55 Conscription
29:58 Elite Mangudai
31:16 Husbandry
32:03 Bloodlines
32:16 Bodkin Arrow
32:37 Leather Archer Armor
32:41 Thumb Ring
33:02 Parthian Tactics
33:00 Ballistics
33:40 Chemistry
32:21 Light Cavalry
33:05 Bracer
34:46 Hussar
36:11 Forging
36:07 Scale Barding Armor
37:33 Iron Casting
45:24 Blast Furnace
48:33 Onager
50:44 Drill
53:51 Siege Onager
Connection lost

Rejoining the realm…

Still unreachable

The connection could not be restored.

Session expired

The server has moved on; the page needs a fresh start.